 Dungeon Crawl Stone Soup version 0.28.0-45-g0d030f2227 (webtiles) character file.

Game seed: 13743069393502832881

2363 CryoSword the Fighter (level 9, 0/98 HPs)
             Began as an Ogre Berserker on Apr 17, 2022.
             Was a Follower of Trog.
             Slain by a wolf (10 damage)
             ... in a bailey.
             The game lasted 00:09:19 (9094 turns).

CryoSword the Fighter (Ogre Berserker)              Turns: 9094, Time: 00:09:19

Health: 0/98       AC:  3    Str: 23    XL:     9   Next: 44%
Magic:  9/9        EV: 14    Int:  8    God:    Trog [*.....]
Gold:   522        SH:  0    Dex: 24    Spells: 8/8 levels left

rFire   . . .      SeeInvis .   t - +0 mace (holy)
rCold   . . .      Faith    .   (no shield)
rNeg    . . .      Spirit   .   b - +0 animal skin
rPois   .          Reflect  .   (helmet restricted)
rElec   .          Harm     .   (no cloak)
rCorr   .          Rampage  .   (gloves unavailable)
Will    .....                   (boots unavailable)
Stlth   ++........              (no amulet)
HPRegen 0.26/turn               j - +6 ring of dexterity
MPRegen 0.11/turn               z - +6 ring of dexterity

@: on berserk cooldown
A: large, unfitting armour, tough skin 1
a: Renounce Religion, Berserk


You were in a bailey.
You worshipped Trog.
Trog was aware of your devotion.
You visited 1 branch of the dungeon, and saw 7 of its levels.
You also visited: Bailey.

You collected 522 gold pieces.

Inventory:

Hand Weapons
 a - a +0 giant spiked club
   (You took it off an ogre on level 5 of the Dungeon)
 t - a +0 mace of holy wrath (weapon)
   (You took it off an orc on level 4 of the Dungeon)
Missiles
 l - 2 throwing nets
 q - 3 javelins (quivered)
 w - 6 poisoned darts
Armour
 b - a +0 animal skin (worn)
Jewellery
 g - a ring of poison resistance
   (You found it on level 1 of the Dungeon)
 j - a +6 ring of dexterity (left hand)
   (You found it on level 1 of the Dungeon)
 x - a ring of protection from cold
   (You found it on level 5 of the Dungeon)
 z - a +6 ring of dexterity (right hand)
   (You found it on level 6 of the Dungeon)
Scrolls
 c - 3 scrolls of teleportation {@r4}
 h - 2 scrolls of vulnerability {unknown}
 i - 2 scrolls of blinking {unknown}
 k - a scroll of fear
 o - a scroll of acquirement {unknown}
 s - a scroll of magic mapping {unknown}
 u - a scroll of brand weapon {unknown}
 v - a scroll of holy word {unknown}
Potions
 d - a potion of attraction {!q}
 f - 2 potions of magic
 m - 2 potions of flight
 n - a potion of cancellation {unknown}
 p - a potion of degeneration {unknown}
 r - 2 potions of heal wounds {unknown}


   Skills:
 + Level 9.0 Fighting
 * Level 8.4 Maces & Flails
 + Level 1.4 Throwing
 + Level 6.2 Dodging


You had 8 spell levels left.
You didn't know any spells.
Your spell library was empty.

Dungeon Overview and Level Annotations

Branches:
Dungeon (7/15)             Temple (0/1) D:6          Bailey (1/1)

Altars:
Cheibriados
Elyvilon
Fedhas
Qazlal
Ru
Trog
Xom
Yredelemnul

Shops:
D:3 =   D:6 :


Innate Abilities, Weirdness & Mutations

You are too large for most types of armour.
You have tough skin. (AC +1)


Message History

The gnoll throws a throwing net.
The throwing net barely misses you. The gnoll misses you.
Items here: )) [[.
You hit the gnoll but do no damage. The gnoll hits you with a +0 spear.
You hit the gnoll but do no damage. The gnoll misses you.
You barely miss the gnoll. The gnoll hits you with a +0 spear!
You hit the gnoll. The gnoll barely misses you.
You hit the gnoll. The gnoll hits you with a +0 spear.
You sock the gnoll!
You kill the gnoll!
Trog accepts your kill.
There is an empty arch of ancient stone, spattered with blood here.
Items here: )))) [[[[.
A wolf comes into view.
Items here: )) [[.
You recover from your berserk rage.
l - 2 throwing nets (gained 1)
There is a gate leading back out of this place here.
A wolf comes into view.
The wolf howls!
The wolf pauses to sniff the ground.
There is a gate leading back out of this place here.
You completely miss the wolf. The wolf barely misses you.
You hit the wolf. The wolf barely misses you. x2
You hit the wolf but do no damage. The wolf bites you. x2
* * * LOW HITPOINT WARNING * * *
You hit the wolf but do no damage. The wolf bites you!
* * * LOW HITPOINT WARNING * * *
You hit the wolf but do no damage. The wolf closely misses you.
The wolf misses you.
A red film seems to cover your vision as you go berserk!
You feel yourself moving faster!
You feel mighty! The wolf misses you.
You closely miss the wolf. The wolf completely misses you. x2
You thump the wolf! The wolf bites you!
* * * LOW HITPOINT WARNING * * *
You hit the wolf. The wolf bites you!
* * * LOW HITPOINT WARNING * * *
You hit the wolf. The wolf bites you.
* * * LOW HITPOINT WARNING * * *
You barely miss the wolf. The wolf bites you.
* * * LOW HITPOINT WARNING * * *
You thump the wolf!
You kill the wolf!
Trog accepts your kill.
Your Throwing skill increases to level 1!
You start resting.
You feel a strong urge to attack something.
You start resting.
You feel your anger nearly subside.
You are no longer berserk.
You are exhausted.
You feel yourself slow down.
You start resting.
You feel yourself speed up.
You start resting.
You recover from your berserk rage.
You start resting.
A wolf comes into view.
A wolf is nearby!
Unknown command.
You hit the wolf but do no damage. The wolf closely misses you.
You sock the wolf! The wolf closely misses you. The wolf bites you.
* * * LOW HITPOINT WARNING * * *
A red film seems to cover your vision as you go berserk!
You feel yourself moving faster!
You feel mighty! The wolf misses you. The wolf bites you.
* * * LOW HITPOINT WARNING * * *
A gnoll sergeant comes into view. It is wielding a +0 glaive.
You miss the wolf.
The gnoll sergeant shouts!
The wolf bites you.
* * * LOW HITPOINT WARNING * * *
You sock the wolf! The wolf bites you but does no damage.
You closely miss the wolf. The wolf bites you!
* * * LOW HITPOINT WARNING * * *
You sock the wolf!
You kill the wolf!
Trog accepts your kill.
Things that are here:
a wolf corpse; a wolf corpse You feel a strong urge to attack something.
Items here: )) [[.
The gnoll sergeant barely misses you.
There is an empty arch of ancient stone, spattered with blood here.
Items here: )))) [[[[.
You thump the gnoll sergeant! You hit the gnoll sergeant.
The gnoll sergeant closely misses you.
You hit the gnoll sergeant but do no damage.
The gnoll sergeant hits you with a +0 glaive!
* * * LOW HITPOINT WARNING * * *
You sock the gnoll sergeant!
You kill the gnoll sergeant!
Trog accepts your kill.
Items here: )) [[.
You feel a strong urge to attack something.
You are no longer berserk.
You are exhausted.
You feel yourself slow down.
Things that are here:
a wolf corpse; a wolf corpse
There is a gate leading back out of this place, spattered with blood here.
You start resting.
A gnoll comes into view. It is wielding a +0 spear.
A gnoll is nearby!
A gnoll is nearby!
The gnoll shouts!
Okay, then.
Okay, then.
Your skin crawls.
You feel strong-willed.
You can no longer call upon Trog for regeneration and willpower.
The gnoll hits you from afar with a +0 spear.
* * * LOW HITPOINT WARNING * * *
The gnoll hits you from afar with a +0 spear.
* * * LOW HITPOINT WARNING * * *
A wolf comes into view.
You feel yourself speed up. The gnoll hits you with a +0 spear.
* * * LOW HITPOINT WARNING * * *
Things that are here:
a wolf corpse; a wolf corpse The wolf howls!
You thump the gnoll! The gnoll barely misses you.
You hit the gnoll but do no damage. The gnoll hits you with a +0 spear.
* * * LOW HITPOINT WARNING * * *
You hit the gnoll but do no damage.
You feel the effects of Trog's Hand fading.
The gnoll hits you with a +0 spear.
* * * LOW HITPOINT WARNING * * *
You hit the gnoll. The gnoll hits you but does no damage.
You hit the gnoll. You punch the gnoll, but do no damage. The gnoll misses you.
You hit the gnoll.
You kill the gnoll!
Trog accepts your kill. The wolf bites you.
* * * LOW HITPOINT WARNING * * *
Your Fighting skill increases to level 9!
You miss the wolf. The wolf bites you!
* * * LOW HITPOINT WARNING * * *
You hit the wolf. The wolf misses you. The wolf bites you!
* * * LOW HITPOINT WARNING * * *
You sock the wolf!
Your skin stops crawling.
You feel less strong-willed. The wolf closely misses you.
The wolf barely misses you.
You barely miss the wolf. You punch the wolf, but do no damage.
The wolf bites you.
* * * LOW HITPOINT WARNING * * *
You hit the wolf but do no damage. The wolf bites you!
* * * LOW HITPOINT WARNING * * *
The wolf bites you!
You die...

♣♣≈≈...# ♣.≈..###
♣♣.≈..# ♣..≈..#
♣..≈..# ## ♣♣..≈..#
##.
♣♣...≈..######..
#♣♣♣.......'...#...
#∩@h))...).'..)'...
#♣♣♣)......'...#...
♣♣...≈..######..
♣...≈..# ##.
♣...≈..# ##
♣♣..≈..# ♣♣.≈..#
♣.≈..### ♣♣≈≈...#


You could see a wolf.

Vanquished Creatures
  A steam dragon (D:6)
  An orc warrior (D:6)
  A sky beast (D:5)
  2 ogres (D:5)
  2 wolves (Bailey)
  A necrophage (D:6)
  3 phantoms
  3 gnoll sergeants (Bailey)
  2 scorpions
  A water moccasin skeleton (D:5)
  3 wights (D:6)
  A howler monkey (D:6)
  A centaur zombie (D:4)
  7 hounds
  A bullfrog zombie (D:6)
  A bullfrog skeleton (D:6)
  An orc priest (D:6)
  A gnoll shaman (Bailey)
  Jessica (D:3)
  2 centaur skeletons
  2 iguanas
  A scorpion zombie (D:4)
  Natasha (thrice) (D:4)
  2 hound zombies
  10 gnolls
  A howler monkey skeleton (D:4)
  7 adders
  A white imp (D:5)
  2 adder zombies (D:4)
  An adder skeleton (D:4)
  4 worms
  2 dart slugs
  10 orcs
  8 ball pythons
  4 endoplasms
  5 giant cockroaches
  4 goblins
  5 hobgoblins
  2 jackals (D:1)
  5 kobolds
  A quokka (D:3)
  8 bats
  2 frilled lizards
  4 rats
130 creatures vanquished.

Vanquished Creatures (others)
  A wizard (D:3)
  2 withered plants (D:4)
3 creatures vanquished.

Grand Total: 133 creatures vanquished

Notes
Turn   | Place    | Note
-------+----------+-------------------------------------------
     0 | D:1      | CryoSword the Ogre Berserker began the quest for the Orb.
     0 | D:1      | Reached XP level 1. HP: 24/24 MP: 1/1
   487 | D:1      | Reached XP level 2. HP: 31/32 MP: 2/2
  1010 | D:1      | Found a faded altar of an unknown god.
  1264 | D:2      | Reached XP level 3. HP: 40/40 MP: 3/3
  1822 | D:2      | Reached XP level 4. HP: 43/49 MP: 4/4
  1985 | D:2      | Reached ** piety under Trog
  2558 | D:3      | Found a basalt altar of Yredelemnul.
  2766 | D:3      | Noticed Jessica
  2774 | D:3      | Killed Jessica
  2775 | D:3      | Reached skill level 5 in Fighting
  2775 | D:3      | Reached XP level 5. HP: 57/57 MP: 5/5
  2784 | D:3      | Found Itaregh's Jewellery Emporium.
  2945 | D:3      | Found a snail-covered altar of Cheibriados.
  3030 | D:3      | Found a bloodstained altar of Trog.
  3033 | D:3      | Noticed a wizard
  3038 | D:3      | Killed a wizard
  3662 | D:4      | Noticed a phantom
  3684 | D:4      | Killed a phantom
  3685 | D:4      | Reached XP level 6. HP: 21/67 MP: 6/6
  4072 | D:4      | Reached skill level 5 in Maces & Flails
  4491 | D:4      | Reached skill level 6 in Fighting
  4497 | D:4      | Reached XP level 7. HP: 51/75 MP: 7/7
  4688 | D:4      | Noticed Natasha
  4697 | D:4      | Killed Natasha
  5100 | D:4      | Noticed Natasha
  5108 | D:4      | Killed Natasha
  5266 | D:4      | Noticed Natasha
  5274 | D:4      | Killed Natasha
  5451 | D:5      | Entered Level 5 of the Dungeon
  5592 | D:5      | Reached skill level 7 in Fighting
  5592 | D:5      | Reached XP level 8. HP: 71/87 MP: 8/8
  5876 | D:5      | Reached skill level 5 in Dodging
  6533 | D:5      | Found a sacrificial altar of Ru.
  7256 | D:6      | Reached skill level 8 in Fighting
  7564 | D:6      | Found Yphesaw's Book Boutique.
  7584 | D:6      | Found a staircase to the Ecumenical Temple.
  7614 | D:6      | Reached XP level 9. HP: 96/96 MP: 9/9
  8061 | D:6      | Found a blossoming altar of Fedhas.
  8126 | D:6      | Found a stormy altar of Qazlal.
  8126 | D:6      | Found a shimmering altar of Xom.
  8128 | D:6      | Found a shimmering blue altar of Sif Muna.
  8128 | D:6      | Found a white marble altar of Elyvilon.
  8128 | D:6      | Found a blossoming altar of Fedhas.
  8269 | D:7      | Found a flagged portal.
  8278 | Bailey   | Entered a bailey
  8513 | Bailey   | HP: 5/145 [gnoll shaman/+0 spear (5)]
  8984 | Bailey   | Reached skill level 1 in Throwing
  9090 | Bailey   | Reached skill level 9 in Fighting
  9094 | Bailey   | Slain by a wolf

Illustrated notes

Levels and vault maps discovered:
D:1:      saegor_arrival_simple_e, layout_loops_ring,
          hellmonk_ecumenical_altar_leap_of_faith
D:2:      layout_loops_ring
D:3:      layout_loops_corners, trog_wizard,
          mainiacjoe_overflow_surrounded_room, marbit_many_paths, serial_shops,
          nicolae_shop_advertising_works [nicolae_subvault_shop_adworks],
          minivault_14, glass_columns_c, uniq_jessica
D:4:      layout_loops_ring, serial_undead, serial_undead_c, serial_undead_d,
          serial_undead_e, serial_undead_f, chequers_serial_rivers_small_b,
          ebering_dispersal_statue_hall, uniq_natasha
D:5:      layout_rooms, general_overflow_altar, minmay_strange_pillars
D:6:      layout_basic, doesnt_xom_only_xom,
          minmay_temple_entry_enclosed_plants, serial_shops,
          nicolae_square_shop, minivault_24, grunt_decor_arrowhead, hex_medium,
          minivault_1
D:7:      layout_cave_pools, nzn_wu_jian_council_hall, enter_bailey_6,
          serial_shops, nicolae_shop_bloodbath_and_beyond, shop_fountains,
          uniq_harold, uniq_pikel
Bailey:   bailey_polearm_gnolls_kennysheep, bailey

Skill      XL: |  1  2  3  4  5  6  7  8  9 |
---------------+----------------------------+-----
Maces & Flails | 3 4 5 6 7 8 |  8.4
Dodging        | 3 4 5 6 |  6.2
Fighting       | 5 6 7 8 9 |  9.0
Throwing       | 1 |  1.4

Action                   |  1- 3 |  4- 6 |  7- 9 || total
-------------------------+-------+-------+-------++-------
Melee: Mace              |   111 |   167 |   256 ||   534
       Punch             |     1 |     1 |     5 ||     7
Throw: Javelin           |       |       |     4 ||     4
Invok: Berserk           |     3 |     2 |    13 ||    18
       Trog's Hand       |       |     2 |     8 ||    10
  Use: Scroll            |       |       |     8 ||     8
       Potion            |       |       |     1 ||     1
 Stab: Sleeping          |     3 |     4 |     1 ||     8
Armor: Animal skin       |    39 |    41 |    28 ||   108
Dodge: Dodged            |    76 |   116 |   170 ||   362
